 Dungeon Crawl Stone Soup version 0.17-a0-1882-g750edc8 (webtiles) character file.

7 tablen the Ducker (level 2, 0/16 HPs)
             Began as a Kobold Wanderer on Sept 23, 2015.
             Slain by a goblin
             ... wielding a +0 club
              (3 damage)
             ... on level 1 of the Dungeon.
             The game lasted 00:04:53 (254 turns).

tablen the Ducker (Kobold Wanderer)                  Turns: 254, Time: 00:04:58

Health: 0/16       AC:  3    Str: 10    XL:     2   Next: 10%
Magic:  2/2        EV: 17    Int:  8    God:
Gold:   23         SH:  0    Dex: 17    Spells: 0 memorised, 1 level left

rFire  . . .     SeeInvis .     a - +2 quarterstaff
rCold  . . .     Clarity  .     k - +0 leather armour
rNeg   . . .     SustAt   .     (shield restricted)
rPois  .         Gourm    .     (no helmet)
rElec  .         Spirit   .     (no cloak)
rCorr  .         Warding  .     (no gloves)
rMut   .         Stasis   .     (no boots)
MR     .....                    (no amulet)
Stlth  ++........               (no ring)
                                (no ring)

@: not resistant to hostile enchantments, unstealthy
A: carnivore 3
a: no special abilities


You were on level 1 of the Dungeon.
You were not hungry.

You visited 1 branch of the dungeon, and saw 1 of its levels.

You collected 23 gold pieces.

Inventory:

Hand weapons
 a - a +2 quarterstaff (weapon)
 b - a +0 spear
 e - a +0 dagger
Missiles
 h - 11 bolts
Armour
 d - a +0 robe
 k - a +0 leather armour (worn)
Scrolls
 g - a scroll of remove curse {unknown}
 i - a scroll of teleportation {unknown}
Potions
 c - a potion of curing
Comestibles
 f - a meat ration


   Skills:
 + Level 1.1 Fighting
 * Level 0.3 Short Blades
 - Level 1.7 Staves
 + Level 5.2 Dodging
 + Level 2.8 Stealth
   Level 1.0 Shields


You had one spell level left.
You didn't know any spells.

Dungeon Overview and Level Annotations

Branches:
Dungeon (1/15)

Altars:


Innate Abilities, Weirdness & Mutations

You are small and have problems with some larger weapons.
You are carnivorous and can eat meat at any time.


Message History

You sock the giant cockroach!
You kill the giant cockroach!
You have reached level 2!
The jackal closely misses you.
You closely miss the jackal. The jackal bites you.
You barely miss the jackal. The jackal misses you.
The jackal barely misses you.
You closely miss the jackal. The jackal closely misses you.
The jackal bites you.
The jackal barks!
You hit the jackal.
You kill the jackal!
Eat a chunk of flesh? (ye/n/q/i?) This raw flesh tastes great.
The goblin hits you with a club.
* * * LOW HITPOINT WARNING * * *
You continue eating.
The goblin completely misses you.
You continue eating.
The goblin hits you with a club.
You die...

...... .#
...... ...
......# #.#
....... #.# #
.......
#.####..
.......
##.#....#
.h....b##....#
.....hgg@..##
#
....>.r##...#
#.. .......
#...# ..
....%..
#...##.#
.....h.
#......# .
.......
#...#### .# .#
......#
#...####..# ..
.....#
#..........
.## .##
###...#####
..#


You could see 2 jackals, 2 goblins, a bat and a rat.

Vanquished Creatures
  A giant cockroach (D:1)
  A goblin (D:1)
  3 jackals (D:1)
  A rat (D:1)
6 creatures vanquished.

Notes
Turn   | Place    | Note
--------------------------------------------------------------
     0 | D:1      | tablen the Kobold Wanderer began the quest for the Orb.
     0 | D:1      | tablen set off with: a +2 quarterstaff, a +0 spear, a potion of curing, a +0 robe, a +0 dagger, a meat ration, a !bad item (cl:100,ty:0,pl:0,pl2:0,sp:0,qu:0), a !bad item (cl:100,ty:0,pl:0,pl2:0,sp:0,qu:0), a !bad item (cl:100,ty:0,pl:0,pl2:0,sp:0,qu:0), a !bad item (cl:100,ty:0,pl:0,pl2:0,sp:0,qu:0), a !bad item (cl:100,ty:0,pl:0,pl2:0,sp:0,qu:0), a !bad item (cl:100,ty:0,pl:0,pl2:0,sp:0,qu:0), a !bad item (cl:100,ty:0,pl:0,pl2:0,sp:0,qu:0), a !bad item (cl:100,ty:0,pl:0,pl2:0,sp:0,qu:0), a !bad item (cl:100,ty:0,pl:0,pl2:0,sp:0,qu:0), a !bad item (cl:100,ty:0,pl:0,pl2:0,sp:0,qu:0), a !bad item (cl:100,ty:0,pl:0,pl2:0,sp:0,qu:0), a !bad item (cl:100,ty:0,pl:0,pl2:0,sp:0,qu:0), a !bad item (cl:100,ty:0,pl:0,pl2:0,sp:0,qu:0), a !bad item (cl:100,ty:0,pl:0,pl2:0,sp:0,qu:0), a !bad item (cl:100,ty:0,pl:0,pl2:0,sp:0,qu:0), a !bad item (cl:100,ty:0,pl:0,pl2:0,sp:0,qu:0), a !bad item (cl:100,ty:0,pl:0,pl2:0,sp:0,qu:0), a !bad item (cl:100,ty:0,pl:0,pl2:0,sp:0,qu:0), a !bad item (cl:100,ty:0,pl:0,pl2:0,sp:0,qu:0), a !bad item (cl:100,ty:0,pl:0,pl2:0,sp:0,qu:0), a !bad item (cl:100,ty:0,pl:0,pl2:0,sp:0,qu:0), a !bad item (cl:100,ty:0,pl:0,pl2:0,sp:0,qu:0), a !bad item (cl:100,ty:0,pl:0,pl2:0,sp:0,qu:0), a !bad item (cl:100,ty:0,pl:0,pl2:0,sp:0,qu:0), a !bad item (cl:100,ty:0,pl:0,pl2:0,sp:0,qu:0), a !bad item (cl:100,ty:0,pl:0,pl2:0,sp:0,qu:0), a !bad item (cl:100,ty:0,pl:0,pl2:0,sp:0,qu:0), a !bad item (cl:100,ty:0,pl:0,pl2:0,sp:0,qu:0), a !bad item (cl:100,ty:0,pl:0,pl2:0,sp:0,qu:0), a !bad item (cl:100,ty:0,pl:0,pl2:0,sp:0,qu:0), a !bad item (cl:100,ty:0,pl:0,pl2:0,sp:0,qu:0), a !bad item (cl:100,ty:0,pl:0,pl2:0,sp:0,qu:0), a !bad item (cl:100,ty:0,pl:0,pl2:0,sp:0,qu:0), a !bad item (cl:100,ty:0,pl:0,pl2:0,sp:0,qu:0), a !bad item (cl:100,ty:0,pl:0,pl2:0,sp:0,qu:0), a !bad item (cl:100,ty:0,pl:0,pl2:0,sp:0,qu:0), a !bad item (cl:100,ty:0,pl:0,pl2:0,sp:0,qu:0), a !bad item (cl:100,ty:0,pl:0,pl2:0,sp:0,qu:0), a !bad item (cl:100,ty:0,pl:0,pl2:0,sp:0,qu:0), a !bad item (cl:100,ty:0,pl:0,pl2:0,sp:0,qu:0), a !bad item (cl:100,ty:0,pl:0,pl2:0,sp:0,qu:0), a !bad item (cl:100,ty:0,pl:0,pl2:0,sp:0,qu:0), a !bad item (cl:100,ty:0,pl:0,pl2:0,sp:0,qu:0), a !bad item (cl:100,ty:0,pl:0,pl2:0,sp:0,qu:0), a !bad item (cl:100,ty:0,pl:0,pl2:0,sp:0,qu:0), a !bad item (cl:100,ty:0,pl:0,pl2:0,sp:0,qu:0)
     0 | D:1      | Reached XP level 1. HP: 12/12 MP: 1/1
    77 | D:1      | Reached skill level 5 in Dodging
   247 | D:1      | Reached XP level 2. HP: 12/16 MP: 2/2
   254 | D:1      | Slain by a goblin

Vault maps used:
D:1:      minmay_arrival_checkered_box

Action                   || total
-------------------------++-------
Melee: Quarterstaff      ||    16
       Dagger            ||     5
 Stab: Distracted        ||     1
  Eat: Chunk             ||     1
